 Dungeon Crawl Stone Soup version 0.28.0-53-g5a82cb258f (webtiles) character file.

Game seed: 13292110055861811779

808 Destapler the Skirmisher (level 7, 0/78 HPs)
             Began as an Ogre Hunter on July 26, 2022.
             Slain by an ice beast (6 damage)
             ... on level 5 of the Dungeon.
             The game lasted 00:12:01 (5235 turns).

Destapler the Skirmisher (Ogre Hunter)              Turns: 5235, Time: 00:12:01

Health: 0/78       AC:  3    Str: 19    XL:     7   Next: 92%
Magic:  7/7        EV: 10    Int: 12    God:
Gold:   143        SH:  0    Dex:  9    Spells: 6/6 levels left

rFire   . . .      SeeInvis .   s - +0 giant spiked club
rCold   . . .      Faith    .   (shield currently unavailable)
rNeg    . . .      Spirit   .   f - +0 robe
rPois   .          Reflect  .   (helmet restricted)
rElec   .          Harm     .   (no cloak)
rCorr   .          Rampage  .   (gloves unavailable)
Will    .....                   (boots unavailable)
Stlth   ++........              (no amulet)
HPRegen 0.23/turn               (no ring)
MPRegen 0.10/turn               (no ring)

@: no status effects
A: large, unfitting armour, tough skin 1
a: no special abilities


You were on level 5 of the Dungeon.
You visited 1 branch of the dungeon, and saw 5 of its levels.

You collected 176 gold pieces.
You spent 33 gold pieces at shops.

Inventory:

Hand Weapons
 a - a +2 trident of venom
 b - a +1 war axe
 s - a +0 giant spiked club (weapon)
Missiles
 c - 7 large rocks (quivered)
 d - 3 throwing nets
 e - 5 boomerangs
Armour
 f - a +0 robe (worn)
Jewellery
 h - an amulet of magic regeneration
 t - a ring of magical power
Scrolls
 g - a scroll of enchant armour {unknown}
 i - a scroll of vulnerability {unknown}
 j - 3 scrolls of identify
 l - 2 scrolls of teleportation
 m - 3 scrolls of noise {unknown}
 n - a scroll of blinking {unknown}
 q - a scroll of torment {unknown}
Potions
 k - a potion of curing
 o - 2 potions of resistance {unknown}
 p - a potion of brilliance {unknown}
 r - 2 potions of mutation


   Skills:
 * Level 7.0 Fighting
 + Level 1.3 Polearms
 - Level 5.0 Throwing
 + Level 2.6 Armour
 + Level 3.4 Dodging
 + Level 2.8 Stealth


You had 6 spell levels left.
You didn't know any spells.
Your spell library contained the following spells:

 Spells                   Type           Power      Damage    Failure   Level
 Magic Dart               Conj           0%         1d3       32%         1
 Call Imp                 Summ           0%         N/A       45%         2
 Mephitic Cloud           Conj/Pois/Air  0%         N/A       69%         3


Dungeon Overview and Level Annotations

Branches:
Dungeon (5/15)
 Temple: D:4-7

Altars:
Hepliaklqana
Qazlal

Shops:
D:2 [:=   D:3 ?


Innate Abilities, Weirdness & Mutations

You are too large for most types of armour.
You have tough skin. (AC +1)


Message History

The scorpion is heavily wounded.
The scorpion misses you. The scorpion barely misses you.
You barely miss the scorpion.
The scorpion is heavily wounded.
The scorpion barely misses you.
The scorpion stings you but does no damage.
You barely miss the scorpion.
The scorpion is heavily wounded.
The scorpion barely misses you. The scorpion stings you!
You impale the scorpion!!
You kill the scorpion!
Your Fighting skill increases to level 7!
No target in view!
You start resting.
HP restored.
You climb downwards.
The ice beast hits you. The ice beast freezes you! The ice beast hits you.
The ice beast freezes you!
There is a stone staircase leading up here.
You barely miss the ice beast. The ice beast hits you.
The ice beast freezes you! The ice beast closely misses you.
You barely miss the ice beast. The ice beast hits you.
The ice beast freezes you!
* * * LOW HITPOINT WARNING * * *
The ice beast hits you.
* * * LOW HITPOINT WARNING * * *
The ice beast freezes you!
* * * LOW HITPOINT WARNING * * *
You are too injured to fight recklessly!
You closely miss the ice beast. The ice beast closely misses you.
You barely miss the ice beast. The ice beast barely misses you.
The ice beast hits you.
* * * LOW HITPOINT WARNING * * *
The ice beast freezes you!
* * * LOW HITPOINT WARNING * * *
You closely miss the ice beast.
The ice beast hits you but does no damage. x2
You barely miss the ice beast. The ice beast hits you.
* * * LOW HITPOINT WARNING * * *
The ice beast freezes you.
You die...

#.....
##....##
#......## [
#.......# .#
#.......#..#
#.).......#
#......#
#......#
###@Y..#
####.# #


You could see an ice beast.

Vanquished Creatures
  Sigmund (D:3)
  2 ogres (D:4)
  3 scorpions
  A water moccasin skeleton (D:3)
  A hound (D:4)
  A jelly (D:4)
  An iguana (D:4)
  A hound skeleton (D:4)
  4 gnolls (D:3)
  6 adders
  An ufetubus (D:4)
  An adder skeleton (D:4)
  A dart slug (D:1)
  An orc (D:3)
  5 ball pythons
  6 endoplasms
  4 giant cockroaches
  4 goblins
  4 hobgoblins
  5 jackals (D:1)
  6 kobolds
  3 quokkas
  5 bats
  5 frilled lizards
  3 rats
75 creatures vanquished.

Notes
Turn   | Place    | Note
-------+----------+-------------------------------------------
     0 | D:1      | Destapler the Ogre Hunter began the quest for the Orb.
     0 | D:1      | Reached XP level 1. HP: 22/22 MP: 1/1
   156 | D:1      | Reached XP level 2. HP: 15/29 MP: 2/2
   327 | D:1      | Reached skill level 3 in Fighting
   367 | D:1      | Reached skill level 1 in Stealth
   901 | D:1      | Reached XP level 3. HP: 28/37 MP: 3/3
  1187 | D:1      | Gained mutation: You are dopey. (Int -2) [potion of
                  | mutation]
  1187 | D:1      | Lost mutation: You are dopey. (Int -2) [potion of mutation]
  1529 | D:2      | Reached skill level 1 in Armour
  1735 | D:2      | Found Fotesch's Antique Armour Shoppe.
  1916 | D:2      | Reached XP level 4. HP: 44/48 MP: 4/4
  1979 | D:2      | Found Tehots's Book Emporium.
  2087 | D:2      | Found Ipudoec's Jewellery Shop.
  2183 | D:3      | Found Tucoheraym's Magic Scroll Shop.
  2189 | D:3      | Bought a scroll of teleportation for 33 gold pieces
  2236 | D:3      | Found a stormy altar of Qazlal.
  2313 | D:3      | Reached skill level 4 in Fighting
  2407 | D:3      | Reached XP level 5. HP: 41/55 MP: 5/5
  2644 | D:3      | Found a hazy altar of Hepliaklqana.
  3194 | D:3      | Noticed Sigmund
  3196 | D:3      | Killed Sigmund
  3197 | D:3      | Reached skill level 5 in Fighting
  3197 | D:3      | Reached XP level 6. HP: 66/66 MP: 6/6
  3657 | D:4      | Reached skill level 6 in Fighting
  3657 | D:4      | Reached XP level 7. HP: 59/75 MP: 7/7
  4007 | D:4      | Reached skill level 5 in Throwing
  4467 | D:4      | Reached skill level 1 in Polearms
  4866 | D:5      | Entered Level 5 of the Dungeon
  5159 | D:4      | Reached skill level 7 in Fighting
  5235 | D:5      | Slain by an ice beast

Illustrated notes

Levels and vault maps discovered:
D:1:      scummos_arrival_simple_crosswalls, layout_rooms, serial_curves,
          eino_curves_01, eino_curves_03, minivault_5, grunt_decor_one_mirror
D:2:      layout_basic, serial_glass, glass_columns_a, glass_columns_c,
          serial_shops, nicolae_diamond_shop, nicolae_diamond_shop,
          nicolae_shop_trees
D:3:      layout_loops_ring, mainiacjoe_overflow_six_doors_small,
          old_standard_altar, serial_shops, shop, uniq_sigmund
D:4:      layout_loops_corners, kennysheep_generic_room_15
D:5:      corexii_shantytown, layout_basic, temple_statues, minmay_door_square,
          hangedman_decor_clover_reticule, corexii_checkpoint_a,
          minmay_fountain_box, st_stairs_10, uniq_pikel, uniq_grinder,
          uniq_blork_the_orc, uniq_crazy_yiuf_cottage

Skill      XL: |  1  2  3  4  5  6  7 |
---------------+----------------------+-----
Fighting       | 3 4 5 6 7 |  7.0
Dodging        | 2 3 |  3.4
Stealth        | 1 2 |  2.8
Armour         | 1 2 |  2.6
Throwing       | 5 |  5.0
Polearms       | 1 |  1.3

Action                   |  1- 3 |  4- 6 |  7- 9 || total
-------------------------+-------+-------+-------++-------
Melee: Short sword       |    12 |       |       ||    12
       Whip              |    97 |       |       ||    97
       Punch             |     3 |     1 |       ||     4
       War axe           |    37 |    29 |       ||    66
       Trident           |       |    35 |    24 ||    59
       Giant spiked club |       |       |    28 ||    28
Throw: Large rock        |       |     3 |     1 ||     4
       Boomerang         |       |     9 |       ||     9
  Use: Scroll            |     2 |       |       ||     2
       Potion            |     1 |       |     1 ||     2
 Stab: Sleeping          |     1 |       |     4 ||     5
Armor: Robe              |    48 |    15 |    10 ||    73
Dodge: Dodged            |   103 |    51 |    36 ||   190
